 Dungeon Crawl Stone Soup version 0.20.1-1-g8b1a95d (webtiles) character file.

925 epen the Poker (level 8, 0/61 HPs)
             Began as a Merfolk Abyssal Knight on Aug 15, 2017.
             Was a Priest of Lugonu.
             Slain by a killer bee (1 damage)
             ... on level 5 of the Dungeon.
             The game lasted 00:08:24 (5303 turns).

epen the Poker (Merfolk Abyssal Knight)             Turns: 5303, Time: 00:08:25

Health: 0/61       AC:  9    Str: 15    XL:     8   Next: 10%
Magic:  21/21      EV: 11    Int: 11    God:    Lugonu [***...]
Gold:   202        SH:  3    Dex: 13    Spells: 7/7 levels left

rFire    + . .     SeeInvis .   d - -1 trident (curse)
rCold    + . .     Gourm    .   v - +0 buckler
rNeg     . . .     Faith    .   n - +0 scale mail
rPois    +         Spirit   .   s - +2 helmet
rElec    +         Reflect  .   (no cloak)
rCorr    +         Harm     .   (no gloves)
MR       .....                  (no boots)
Stlth    ..........             (no amulet)
Regen    0.2/turn               e - ring of wizardry
MPRegen  0.2/turn               f - ring of magical power

@: lethally poisoned (0 -> -5), resistant (expiring), hasted (expiring), very
quick
A: change form in water, swift swim, stealthy swim
a: Depart the Abyss, Bend Space, Banish, Renounce Religion


You were on level 5 of the Dungeon.
You worshipped Lugonu.
Lugonu was most pleased with you.
You were hungry.

You visited 1 branch of the dungeon, and saw 5 of its levels.
You visited the Abyss 1 time.

You collected 202 gold pieces.

Inventory:

Hand Weapons
 a - a +2 spear
 d - a cursed -1 trident (weapon)
Missiles
 p - 2 throwing nets (quivered)
Armour
 b - a +0 leather armour
 n - a +0 scale mail (worn)
 s - a +2 helmet (worn)
 v - a +0 buckler (worn)
Jewellery
 e - a ring of wizardry (left hand)
 f - a ring of magical power (right hand)
Wands
 g - a wand of lightning (5/15)
 r - a wand of flame (30/48)
Scrolls
 h - a scroll of amnesia
 i - 3 scrolls of enchant weapon
 u - a scroll of remove curse
Potions
 m - 2 potions of flight
Comestibles
 c - 3 bread rations
 j - 2 royal jellies
 k - 2 meat rations


   Skills:
 + Level 4.9 Fighting
 * Level 7.4 Polearms
 + Level 2.4 Armour
 + Level 5.1 Dodging
 + Level 0.6 Shields
 * Level 5.5 Invocations


You had 7 spell levels left.
You didn't know any spells.

Dungeon Overview and Level Annotations

Branches:
Dungeon (5/15)
 Temple: D:4-7

Altars:
Trog
Vehumet


Message History

The killer bee is heavily wounded.
Your extra speed is starting to run out.
The killer bee stings you!
* * * LOW HITPOINT WARNING * * *
You are lethally poisoned!
The killer bee poisons you!
You closely miss the killer bee.
The killer bee is heavily wounded.
* * * LOW HITPOINT WARNING * * *
You feel sick. The killer bee barely misses you.
Okay, then.
You puncture the killer bee!
The killer bee is almost dead.
You start to feel less resistant.
The killer bee stings you but does no damage.
You hit the killer bee but do no damage.
The killer bee is almost dead.
* * * LOW HITPOINT WARNING * * *
You feel sick. The killer bee closely misses you. The killer bee stings you.
You die...

#...# ######..
#...#### #......
#......####....#
#...##..<.#....#
#...#####......# ##.##
##.....# #..#
#.....#...
######.#######........
#..........yy@........
#####.......##.....#..
###.###.##........ #.#
#.####...... #.# #..
..#... #.# ###. .)....
... .. ...... .?. ..
...


You could see 2 killer bees.

Vanquished Creatures
  A phantom (D:4)
  2 ogres (D:4)
  2 killer bees (D:4)
  A howler monkey (D:4)
  A hound (D:4)
  A centaur skeleton (D:5)
  3 orc wizards (D:3)
  Terence (D:3)
  3 worker ants
  3 hound skeletons (D:4)
  Robin (D:3)
  7 adders
  4 gnolls (D:3)
  An ooze (D:3)
  3 worms
  3 dart slugs
  3 leopard geckos
  15 orcs (D:3)
  9 giant cockroaches
  20 goblins
  11 hobgoblins
  6 jackals
  3 quokkas
  2 ball pythons (D:4)
  9 bats
  4 frilled lizards
  2 kobolds
  5 rats
126 creatures vanquished.

Notes
Turn   | Place    | Note
-------+----------+-------------------------------------------
     0 | Abyss:1  | epen the Merfolk Abyssal Knight began the quest for the Orb.
     0 | Abyss:1  | Reached XP level 1. HP: 18/18 MP: 2/2
    17 | Abyss:1  | Found a corrupted altar of Lugonu.
    83 | Abyss:1  | Noticed a raiju
    83 | D:1      | Escaped the Abyss
   289 | D:1      | Reached * piety under Lugonu
   289 | D:1      | Reached XP level 2. HP: 24/24 MP: 3/3
   536 | D:1      | Reached skill level 4 in Polearms
   623 | D:1      | Reached XP level 3. HP: 27/29 MP: 4/4
   676 | D:1      | Reached skill level 1 in Armour
  1171 | D:2      | Reached ** piety under Lugonu
  1371 | D:2      | Reached XP level 4. HP: 20/35 MP: 6/6
  1736 | D:3      | Noticed Robin
  1786 | D:3      | Killed Robin
  2089 | D:3      | Reached XP level 5. HP: 42/42 MP: 7/7
  2099 | D:3      | Reached skill level 5 in Polearms
  2180 | D:3      | Reached *** piety under Lugonu
  2216 | D:3      | Noticed Terence
  2250 | D:3      | Killed Terence
  2333 | D:3      | Reached XP level 6. HP: 23/48 MP: 8/8
  3231 | D:3      | Reached skill level 6 in Polearms
  3393 | D:4      | Noticed a phantom
  3439 | D:4      | Killed a phantom
  3439 | D:4      | Reached XP level 7. HP: 21/55 MP: 10/10
  3759 | D:4      | Reached skill level 7 in Polearms
  3776 | D:4      | Reached skill level 5 in Invocations
  4127 | D:4      | Found a radiant altar of Vehumet.
  4145 | D:4      | Found a bloodstained altar of Trog.
  4632 | D:5      | Entered Level 5 of the Dungeon
  4912 | D:4      | Reached skill level 5 in Dodging
  4912 | D:4      | Reached XP level 8. HP: 30/61 MP: 12/12
  5258 | D:5      | HP: 2/61 [killer bee (6)]
  5300 | D:5      | HP: 3/61 [killer bee (7)]
  5303 | D:5      | HP: 1/61 [poisoned by a killer bee]
  5303 | D:5      | Slain by a killer bee

Skill      XL: |  1  2  3  4  5  6  7 |
---------------+----------------------+-----
Dodging        | 3 4 5 |  5.1
Polearms       | 4 5 6 7 |  7.4
Armour         | 1 2 |  2.4
Invocations    | 3 4 5 |  5.5
Fighting       | 4 |  4.9
Shields        | |  0.6

Action                   |  1- 3 |  4- 6 |  7- 9 || total
-------------------------+-------+-------+-------++-------
Melee: Spear             |   122 |   208 |       ||   330
       Trident           |       |   191 |   152 ||   343
Invok: Depart the Abyss  |     1 |       |       ||     1
  Use: Scroll            |     3 |     7 |       ||    10
       Potion            |       |     2 |     5 ||     7
 Stab: Sleeping          |     4 |       |       ||     4
       Distracted        |       |       |     1 ||     1
  Eat: Chunk             |     1 |     7 |     6 ||    14
Armor: Leather armour    |    20 |     1 |       ||    21
       Scale mail        |       |   123 |    83 ||   206
Dodge: Dodged            |    52 |   143 |    86 ||   281
Block: Buckler           |       |       |    18 ||    18
